 Dungeon Crawl Stone Soup version 0.28-a0-461-g2dc4ca5097 (webtiles) character file.

Game seed: 15040993379115509053

245 lunkers the Magician (level 6, -5/46 HPs)
             Began as a Djinni Air Elementalist on Sept 13, 2021.
             Slain by an orc priest (6 damage)
             ... on level 4 of the Dungeon.
             The game lasted 00:05:06 (3762 turns).

lunkers the Magician (Djinni Air Elementalist)      Turns: 3762, Time: 00:05:06

Health: -5/46      AC:  3    Str:  7    XL:     6   Next: 32%
Gold:   109        EV: 12    Int: 18    God:
                   SH:  0    Dex: 14

rFire   + + +      SeeInvis +   p - +2 dagger (elec)
rCold   x . .      Faith    .   (no shield)
rNeg    . . .      Spirit   .   a - +0 robe
rPois   ∞          Reflect  .   (no helmet)
rElec   .          Harm     .   c - +0 cloak
rCorr   .          Rampage  .   (no gloves)
Will    .....                   (boots unavailable)
Stlth   ++........              (no amulet)
HPRegen 0.15/turn               f - ring of protection from fire
MPRegen 0.00/turn               l - ring of see invisible

@: flying
A: sickness immunity, fire resistance 2, cold vulnerability 1, float, innate
caster, hp casting, extra vitality 1
a: no special abilities


You were on level 4 of the Dungeon.
You visited 1 branch of the dungeon, and saw 4 of its levels.

You collected 109 gold pieces.

Inventory:

Hand Weapons
 j - a +2 flail of protection
 p - a +2 dagger of electrocution (weapon)
Armour
 a - a +0 robe (worn)
 c - a +0 cloak (worn)
Jewellery
 f - a ring of protection from fire (left hand)
 l - a ring of see invisible (right hand)
Scrolls
 b - a scroll of immolation {unknown}
 d - a scroll of summoning {unknown}
 e - a scroll of teleportation {unknown}
 g - a scroll of identify {unknown}
 h - a scroll of magic mapping {unknown}
 q - a scroll of blinking {unknown}
Potions
 i - a potion of mutation {unknown}
 k - 2 potions of magic {unknown}
 m - 2 potions of curing {unknown}
 n - a potion of degeneration {unknown}
 o - a potion of attraction {unknown}


   Skills:
 + Level 3.0 Fighting
 - Level 2.1 Dodging
 - Level 1.5 Stealth
 * Level 4.4 Spellcasting


You couldn't memorise any spells.
You knew the following spells:

 Your Spells              Type           Power      Damage    Failure   Level
a - Shock                 Conj/Air       76%        1d7       2%          1
b - Static Discharge      Conj/Air       19%        N/A       3%          2
c - Swiftness             Air            19%        N/A       7%          3
d - Airstrike             Air            9%         N/A       22%         4
e - Sting                 Tmut/Pois      76%        1d6       2%          1
f - Call Imp              Summ           19%        N/A       3%          2
Your spell library was empty.

Dungeon Overview and Level Annotations

Branches:
Dungeon (4/15)
 Temple: D:4-7

Altars:
Elyvilon
Xom

Shops:
D:1 *


Innate Abilities, Weirdness & Mutations

You are immune to sickness and miasma.
You are immune to poison.
Your flesh is very heat resistant. (rF++)
You are vulnerable to cold. (rC-)
You float through the air rather than walking.
You learn spells naturally, not from books.
Your magical power is your life essence.
You have superior vitality. (+4 HP)


Message History

Confirm with . or Enter, or press ? or * to list all spells.
The orc is struck by an arc of lightning.
The orc is almost dead.
The orc priest is struck by an arc of lightning.
The orc priest is moderately wounded.
The lightning grounds out.
The orc barely misses you.
Casting: Static Discharge (safe; 3% risk of failure)
Confirm with . or Enter, or press ? or * to list all spells.
The orc is struck by an arc of lightning.
You kill the orc!
The orc priest is struck by an arc of lightning.
The orc priest is severely wounded.
The lightning grounds out.
The orc priest invokes the aid of Beogh against you.
Beogh smites you!
* * * LOW HITPOINT WARNING * * *
Casting: Static Discharge (safe; 3% risk of failure)
Confirm with . or Enter, or press ? or * to list all spells.
The orc is struck by an arc of lightning.
The orc is heavily wounded.
The orc priest is struck by an arc of lightning.
The orc priest is almost dead.
The lightning grounds out.
* * * LOW HITPOINT WARNING * * *
The orc barely misses you.
A water moccasin skeleton comes into view.
Unknown command.
Casting: Static Discharge (safe; 3% risk of failure)
Confirm with . or Enter, or press ? or * to list all spells.
The orc is struck by an arc of lightning.
You kill the orc!
The lightning grounds out.
* * * LOW HITPOINT WARNING * * *
The orc priest mumbles some strange prayers to Beogh against you.
Beogh smites you!
* * * LOW HITPOINT WARNING * * *
Found 27 arrows.
The water moccasin skeleton bites you.
* * * LOW HITPOINT WARNING * * *
The orc priest hits you with a +0 whip.
You die...

#># #.# #.# #.#
#.# #.# #.# #.#
#.# # #.# #.#
.# # #.# #.#
#.#.###
#.###.##.....?(
#....†.@o...#
#####.##Z..##
#.# #..!... #.#
.##### #.# #
... #.. ###


You could see an orc priest and a water moccasin skeleton.

Vanquished Creatures
  A hound (D:4)
  A bullfrog skeleton (D:3)
  Jessica (D:2)
  Natasha (twice) (D:2)
  3 gnolls (D:2)
  2 adders (D:2)
  2 orcs (D:4)
  3 bats
  7 endoplasms
  A giant cockroach (D:1)
  9 goblins
  4 hobgoblins
  2 jackals (D:3)
  9 kobolds
  5 quokkas
  6 ball pythons
  3 frilled lizards
  2 rats
63 creatures vanquished.

Notes
Turn   | Place    | Note
-------+----------+-------------------------------------------
     0 | D:1      | lunkers the Djinni Air Elementalist began the quest for the
                  | Orb.
     0 | D:1      | Reached XP level 1. HP: 15/15 MP: 0/0
   207 | D:1      | Reached XP level 2. HP: 19/22 MP: 0/0
   301 | D:1      | Reached skill level 1 in Fighting
   420 | D:1      | Found Obuohass's Assorted Antiques.
   722 | D:1      | Reached XP level 3. HP: 25/27 MP: 0/0
   722 | D:1      | Learned a level 1 spell: Sting
   822 | D:1      | Reached skill level 3 in Spellcasting
   843 | D:1      | Found a faded altar of an unknown god.
  1602 | D:2      | Reached XP level 4. HP: 26/33 MP: 0/0
  2221 | D:2      | Noticed Jessica
  2221 | D:2      | Noticed Natasha
  2230 | D:2      | Killed Natasha
  2231 | D:2      | Reached XP level 5. HP: 8/38 MP: 0/0
  2231 | D:2      | Learned a level 2 spell: Call Imp
  2232 | D:2      | Killed Jessica
  2251 | D:2      | Noticed Natasha
  2260 | D:2      | HP: 1/39 [Natasha (1)]
  2270 | D:2      | Killed Natasha
  2271 | D:2      | Reached skill level 4 in Spellcasting
  2755 | D:3      | Found a white marble altar of Elyvilon.
  2933 | D:3      | Reached XP level 6. HP: 30/45 MP: 0/0
  3619 | D:3      | Found a shimmering altar of Xom.
  3762 | D:4      | HP: 1/46 [water moccasin skeleton (2)]
  3762 | D:4      | Slain by an orc priest

Illustrated notes

Levels and vault maps discovered:
D:1:      dpeg_arrival_castle, layout_basic, ebering_ecumenical_altar_rust,
          serial_shops, shop
D:2:      layout_loops_corners, uniq_natasha, uniq_jessica
D:3:      layout_loops_cross, elyvilon_altar_5, lemuel_round_altar,
          small_statue_intersection, minmay_cut_off
D:4:      layout_loops_ring, lemuel_crystal_altar, gup_sewer_entry_pipe,
          solitary_fountain, grunt_decor_fettered, minmay_misc_feat_hallway,
          serial_bayou_pond_b

Skill      XL: |  1  2  3  4  5  6 |
---------------+-------------------+-----
Fighting       | 1 2 3 |  3.0
Spellcasting   | 3 4 |  4.4
Dodging        | |  2.1
Stealth        | |  1.5

Action                   |  1- 3 |  4- 6 || total
-------------------------+-------+-------++-------
Melee: Flail             |       |     5 ||     5
       Dagger            |       |     9 ||     9
 Cast: Shock             |    65 |    42 ||   107
       Static Discharge  |       |    23 ||    23
       Sting             |       |     2 ||     2
  Use: Potion            |       |     1 ||     1
Armor: Robe              |     5 |     3 ||     8
Dodge: Dodged            |     9 |    30 ||    39

Table legend: (Time is in decaauts)
 A = Elapsed time spent in this place.
 B = Non-inter-level travel time spent in this place.
 C = Inter-level travel time spent in this place.
 D = Time resting spent in this place.
 E = Time spent auto-exploring this place.
 F = Levels seen in this place.
 G = Mean time per level.
                   A        B        C        D        E       F      G
               +--------+--------+--------+--------+--------+-----+--------+
         Total |   3781 |   3709 |     72 |     12 |   3284 |   4 |  945.2 |
       Dungeon |   3781 |   3709 |     72 |     12 |   3284 |   4 |  945.2 |
               +--------+--------+--------+--------+--------+-----+--------+

Top non-repeatable levels by time:
     D:2: 1532 daAuts
     D:1: 1178 daAuts
     D:3: 1042 daAuts
     D:4: 27 daAuts
